 Dungeon Crawl Stone Soup version 0.10.4 character file.

340 Gumption the Insei (level 4, 0/30 HPs)
             Began as a Sludge Elf Monk on Nov 16, 2023.
             Succumbed to poison (a needle trap)
             ... in a tomb.
             The game lasted 00:16:31 (2586 turns).

Gumption the Insei (Sludge Elf Monk)                Turns: 2586, Time: 00:16:31

HP   0/30        AC  3     Str 12      XL: 4   Next: 35%
MP   4/4         EV 13     Int 11      God:
Gold 262         SH  0     Dex 17      Spells:  0 memorised,  3 levels left

Res.Fire  : . . .   See Invis. : .     - Unarmed
Res.Cold  : . . .   Warding    : . . k - +0 leather armour (curse)
Life Prot.: . . .   Conserve   : .   (no shield)
Res.Acid. : . . .   Res.Corr.  : .   (no helmet)
Res.Poison: .       Clarity    : .   (no cloak)
Res.Elec. : .       Spirit.Shd : .   (no gloves)
Sust.Abil.: . .     Stasis     : .   (no boots)
Res.Mut.  : .       Ctrl.Telep.: .   (no amulet)
Res.Rott. : .       Levitation : .   (no ring)
Saprovore : . . .   Ctrl.Flight: .   (no ring)

@: mildly poisoned, slightly resistant to hostile enchantments, stealthy
A: no striking features
a: no special abilities


You were in a tomb.
You were not hungry.

You visited 1 branch of the dungeon, and saw 4 of its levels.
You visited 1 portal chamber: ossuary.

You collected 262 gold pieces.

Inventory:

Hand weapons
 c - a +0,+0 sling
 i - a +0,+0 short sword
 x - a +1,+2 dagger
 B - a +0,+0 elven dagger
Missiles
 d - 39 +0 darts
 f - 15 +0 bolts of flame
 h - 14 poisoned +0 needles
 j - 32 +0 darts of frost (quivered)
 v - 16 poisoned +2 needles
 A - 15 poisoned +0 arrows
 C - a +0 throwing net
Armour
 a - a +0 elven robe
 k - a cursed +0 leather armour (worn)
 l - a +0 large shield
 E - a +0 ring mail
Magical devices
 F - a wand of cold (4) {unknown}
Comestibles
 b - 4 bread rations
Scrolls
 g - a scroll of enchant weapon II {unknown}
 m - a scroll of remove curse {unknown}
 n - a scroll of enchant weapon I {unknown}
 o - a scroll of recharging
 s - a scroll of magic mapping {unknown}
 w - a scroll of curse armour
 y - a scroll of enchant armour {unknown}
 D - a scroll of random uselessness {unknown}
 G - a scroll of detect curse {unknown}
Jewellery
 q - an uncursed ring of protection from fire {unknown}
Potions
 e - 4 potions of curing {unknown}
 p - a potion of mutation {unknown}
 r - a potion of brilliance {unknown}
 t - 2 potions of heal wounds {unknown}
 u - a potion of poison {unknown}
 z - a potion of levitation {unknown}


   Skills:
 + Level 3.7 Fighting
 + Level 4.2 Dodging
 + Level 3.0 Stealth
 * Level 5.2 Unarmed Combat


You had 3 spell levels left.
You didn't know any spells.

Dungeon Overview and Level Annotations

Branches:
Dungeon (4/27)
 Temple: D:4-7

Altars:


Message History

Found a gate leading back out of here.
There is a needle trap here.
* * * LOW HITPOINT WARNING * * *
You feel sick.
A poisoned needle hits the hound zombie, but does no damage!
The hound zombie bites you but does no damage.
A hand axe hits the elf zombie!
You hit the hound zombie. Your headbutt misses the hound zombie.
The hound zombie closely misses you.
A hand axe hits the mummy!
A hand axe misses the elf zombie!
You closely miss the hound zombie. The jackal zombie barely misses you.
The hound zombie misses you.
You hit the hound zombie. The jackal zombie barely misses you.
The hound zombie closely misses you.
You hit the hound zombie.
* * * LOW HITPOINT WARNING * * *
You feel sick. The jackal zombie barely misses you.
The jackal zombie misses you. The hound zombie barely misses you.
You closely miss the hound zombie.
You die...

.∩∩z.........##.∩#
.............##..#
..............#..#
.................#
......z..........#
..........##.z...#
..........##..z.z#
..............zzz#
...........zzzMz@#
#####........z####
...........z#$$#
∩...........#$$#
###############


You could see a mummy, 2 adder zombies, 2 jackal zombies, a hound zombie, a
goblin zombie, a gnoll zombie, a kobold zombie, a big kobold zombie, an orc
zombie and 2 elf zombies.

Vanquished Creatures
  2 adders
  A giant mite (D:1)
  An adder skeleton (D:4)
  A worm (D:2)
  A hobgoblin (D:1)
  6 kobolds
  4 bats
  2 giant cockroaches
  4 giant geckos
  4 giant newts
  11 goblins
  5 rats
  A plant (D:3)
  A toadstool (D:2)
44 creatures vanquished.

Vanquished Creatures (others)
  A kobold (D:3)
  A rat (D:2)
  2 toadstools (D:1)
4 creatures vanquished.

Grand Total: 48 creatures vanquished

Notes
Turn   | Place    | Note
--------------------------------------------------------------
     0 | D:1      | Gumption, the Sludge Elf Monk, began the quest for the Orb.
     0 | D:1      | Reached XP level 1. HP: 14/14 MP: 0/0
   475 | D:1      | Reached XP level 2. HP: 19/19 MP: 2/2
  1066 | D:1      | Reached XP level 3. HP: 22/25 MP: 3/3
  1238 | D:2      | Reached skill level 5 in Unarmed Combat
  1915 | D:3      | Reached XP level 4. HP: 30/30 MP: 4/4
  2559 | D:4      | Found a sand-covered staircase. 2565
                  | ossuary
                  | Entered a tomb 2581
                  | ossuary
                  | HP: 1/30 [poison (a needle trap)] 2586
                  | ossuary
                  | Succumbed to poison (a needle trap)
